 Dungeon Crawl Stone Soup version 0.32-a0-411-g744942f433 (webtiles) character file.

Game seed: 7583129424283264950

14051 Pooter the Cleaver (level 11, -3/99 HPs)
             Began as a Minotaur Monk on Feb 21, 2024.
             Was a Priest of Okawaru.
             Killed from afar by a kobold blastminer (34 damage)
             ... with an iron shot
             ... on level 1 of the Orcish Mines.
             The game lasted 01:12:48 (13575 turns).

Pooter the Cleaver (Minotaur Monk)                 Turns: 13575, Time: 01:12:49

Health: -3/99      AC: 10    Str: 25    XL:     11   Next: 83%
Magic:  15/15      EV: 12    Int:  7    God:    Okawaru [***...]
Gold:   625        SH:  0    Dex: 13    Spells: 10/10 levels left

rFire   . . .        a - +0 battleaxe
rCold   . . .        (shield currently unavailable)
rNeg    . . .        l - +4 ring mail "Rogam" {*Corrode Str+5 SInv Stlth+}
rPois   .            (helmet restricted)
rElec   .            m - +0 cloak
rCorr   .            (no gloves)
SInv    +            (no boots)
Will    .....        (no amulet)
Stlth   +++          S - ring of flight
HPRegen 0.36/turn    (no ring)
MPRegen 0.14/turn

%: corrode self (3%)
@: flying
A: horns 2, retaliatory headbutt
a: Renounce Religion, Heroism


You were on level 1 of the Orcish Mines.
You worshipped Okawaru.
Okawaru was most pleased with you.
You visited 3 branches of the dungeon, and saw 12 of its levels.
You also visited: Sewer.

You collected 674 gold pieces.
You spent 49 gold pieces at shops.

Inventory:

Hand Weapons
 a - a +0 battleaxe (weapon)
   (You took it off an orc warrior on level 10 of the Dungeon)
 b - a +3 orcbow of draining
   (You took it off a centaur on level 9 of the Dungeon)
 h - a +2 dire flail of protection
   (You took it off an orc warrior on level 9 of the Dungeon)
 o - a +2 trident of venom
   (You found it on level 3 of the Dungeon)
 p - a +1 quarterstaff of draining
   (You found it on level 1 of the Dungeon)
 q - a +0 sling
   (You took it off a goblin on level 2 of the Dungeon)
 D - a +0 morningstar
   (You took it off an orc on level 5 of the Dungeon)
 F - a +0 great mace
   (You found it on level 6 of the Dungeon)
 H - a +0 orcbow
   (You took it off a centaur on level 7 of the Dungeon)
 N - a +0 arbalest
   (You took it off a kobold blastminer on level 1 of the Orcish Mines)
 P - a +1 war axe
   (You bought it in a shop on level 1 of the Dungeon)
Missiles
 i - 4 boomerangs
 k - 3 throwing nets {!f}
 A - 2 atropa-tipped darts (quivered)
 B - 3 curare-tipped darts
 K - 67 poisoned darts
 M - 3 javelins
 Q - 127 stones
Armour
 d - an orb of light
 l - the +4 ring mail "Rogam" (worn) {*Corrode Str+5 SInv Stlth+}
   (You found it on level 2 of the Dungeon)

   Str+5:     It affects your strength (+5).
   SInv:      It lets you see invisible.
   *Corrode:  It may corrode you when you take damage.
   Stlth+:    It makes you more stealthy.
 m - a +0 cloak (worn)
   (You found it on level 3 of the Dungeon)
 y - a +4 plate armour
   (You found it on level 3 of the Dungeon)
Jewellery
 S - a ring of flight (left hand)
   (You took it off an orc priest on level 10 of the Dungeon)
Wands
 f - a wand of flame (34)
   (You took it off a kobold on level 2 of the Dungeon)
 I - a wand of roots (7)
   (You found it on level 7 of the Dungeon)
 J - a wand of mindburst (8)
   (You found it on level 7 of the Dungeon)
Scrolls
 e - 4 scrolls of amnesia
 t - 5 scrolls of teleportation {@r4}
 u - 2 scrolls of revelation
 x - a scroll of noise {!r}
 z - a scroll of vulnerability {!r}
 L - 2 scrolls of enchant weapon
 O - a scroll of fog {unknown}
Potions
 c - 2 potions of ambrosia
 g - 3 potions of degeneration {unknown}
 j - a potion of invisibility
 n - 2 potions of attraction {!q}
 r - a potion of might {unknown}
 s - 2 potions of resistance {unknown}
 v - a potion of brilliance {unknown}
 w - a potion of haste {unknown}
 C - a potion of lignification {!q}
 E - a potion of cancellation {unknown}
 G - 2 potions of curing {unknown}
 R - a potion of berserk rage {unknown}
 T - a potion of heal wounds {unknown}


   Skills:
 + Level 9.9 Fighting
 * Level 13.5 Axes
 - Level 0.2 Staves
 * Level 10.7 Ranged Weapons
 - Level 3.5 Throwing
 - Level 3.2 Dodging
 - Level 3.0 Stealth
 + Level 7.5 Invocations
 - Level 2.9 Evocations


You had 10 spell levels left.
You didn't know any spells.
Your spell library contained the following spells:

 Spells                   Type           Power      Damage    Failure   Level
 Sting                    Conj/Alch      0%         1d3       58%         1
 Blink                    Tloc           0%         N/A       73%         2
 Lesser Beckoning         Tloc           0%         N/A       73%         2
 Mercury Vapours          Alch/Air       0%         N/A       73%         2
 Momentum Strike          Conj/Tloc      0%         3d8       73%         2
 Sublimation of Blood     Necr           0%         N/A       73%         2
 Dazzling Flash           Conj/Hex       0%         N/A       91%         3
 Volatile Blastmotes      Fire/Tloc      0%         2d10      91%         3
 Olgreb's Toxic Radiance  Alch           0%         N/A       100%        4
 Petrify                  Alch/Erth      0%         N/A       100%        4
 Irradiate                Conj/Alch      0%         3d11      100%        5
 Starburst                Conj/Fire      0%         6d3       100%        6
 Maxwell's Capacitive Co  Air            0%         ∞         100%        8


Dungeon Overview and Level Annotations

Branches:
Dungeon (10/15) Zot: 22984  Temple (1/1) D:5 Zot: 5911     Orc (1/2) D:9 Zot: 5966
  Sewer (visited)
   Lair: D:8-11

Altars:
Ashenzari
Cheibriados
Dithmenos
Elyvilon
Fedhas
Gozag
Hepliaklqana
Kikubaaqudgha
Makhleb
Nemelex Xobeh
Okawaru
Qazlal
Ru
Sif Muna
Trog
Uskayaw
Vehumet
Wu Jian
Xom
Yredelemnul
Zin
The Shining One

Shops:
D:1 (   D:9 [

Annotations:
D:4 1 runed translucent door, Crazy Yiuf
D:8 3 runed translucent doors, cforsyth's ghost, novice DjFE


Innate Abilities, Weirdness & Mutations

You have a pair of horns on your head.
You reflexively headbutt those who attack you in melee.


Message History

The kobold blastminer shoots an arrow.
The arrow hits you!
The kobold blastminer shoots an arrow.
The arrow barely misses you.
The orc sorcerer points at you and mumbles some strange words.
The bolt of fire hits you!!
The kobold blastminer shoots an arrow.
The arrow barely misses you.
There is a staircase back to the Dungeon, spattered with blood here.
Aiming: Mindburst
Press: ? - help, Shift-Dir - straight line, f - orc sorcerer
Aim: an orc sorcerer, wielding a +0 dagger and wearing a +2 robe (chance to affect: 60%)
The orc sorcerer's mind is blasted!
The kobold blastminer shoots an arrow.
The arrow closely misses you.
The kobold blastminer shoots an arrow.
The arrow hits you but does no damage.
Aiming: Mindburst
Press: ? - help, Shift-Dir - straight line, f/p - orc sorcerer
Aim: an orc sorcerer, wielding a +0 dagger and wearing a +2 robe (heavily wounded, chance to affect: 60%)
The orc sorcerer's mind is blasted!!
You blow up the orc sorcerer!
Okawaru accepts your kill.
The kobold blastminer shoots an arrow.
The arrow barely misses you.
The kobold blastminer shoots an arrow.
The arrow hits you!
Aiming: Mindburst
Press: ? - help, Shift-Dir - straight line, f - kobold blastminer
Aim: a kobold blastminer, wielding a +0 orcbow (chance to affect: 76%)
The kobold blastminer barely resists.
The kobold blastminer shoots an arrow.
The arrow hits you.
Aiming: Mindburst
Press: ? - help, Shift-Dir - straight line, f/p - kobold blastminer
Aim: a kobold blastminer, wielding a +0 orcbow (chance to affect: 76%)
The kobold blastminer's mind is blasted!
The kobold blastminer shoots an arrow.
The arrow hits you!
* * * LOW HITPOINT WARNING * * *
The kobold blastminer shoots an arrow.
The arrow misses you.
Unknown command.
Aiming: Mindburst
Press: ? - help, Shift-Dir - straight line, f/p - kobold blastminer
Aim: a kobold blastminer, wielding a +0 orcbow (moderately wounded, chance to affect: 76%)
The kobold blastminer's mind is blasted!
The kobold blastminer shoots an arrow.
The arrow hits you!
* * * LOW HITPOINT WARNING * * *
The kobold blastminer shoots a bolt.
The bolt completely misses you.
Unknown command.
Aiming: Mindburst
Press: ? - help, Shift-Dir - straight line, f/p - kobold blastminer
Aim: a kobold blastminer, wielding a +0 orcbow (heavily wounded, chance to affect: 76%)
The kobold blastminer's mind is blasted!
The ogre hits you with a +0 giant club.
* * * LOW HITPOINT WARNING * * *
The kobold blastminer blasts its cannon at you.
The iron shot hits you!!
You die...

......
.........
..........
....#......
#..........
#..........
##........#
##@O......#
#.........##
##.).KT....#
#...K.....#
##...#K.....#
#$...##....##
#...## ......
##.#. .....
##.. ...K.


You could see 3 kobold blastminers, a troll and an ogre.

Vanquished Creatures
  An ogre mage (D:10)
  A boulder beetle (D:10)
  A two-headed ogre (D:9)
  Pikel (D:8)
  An orc sorcerer (Orc:1)
  A kobold blastminer (Orc:1)
  A gargoyle (D:10)
  4 kobold demonologists (D:10)
  A komodo dragon (D:7)
  5 trolls
  5 yaks (D:9)
  A steam dragon (D:7)
  7 wargs (D:10)
  2 hell hounds (D:10)
  A water moccasin (D:7)
  2 sky beasts
  3 black bears
  11 orc warriors
  An ice beast (D:7)
  4 ogres
  4 centaurs
  A phantom (D:5)
  10 kobold brigands
  4 gnoll sergeants (D:10)
  3 bullfrogs
  14 killer bees
  6 howler monkeys (D:10)
  A crimson imp (D:10)
  A bombardier beetle (D:4)
  7 gnoll boudas
  12 orc priests
  3 hounds
  3 sleepcaps
  2 iguanas (D:5)
  Natasha (twice) (D:3)
  15 orc wizards
  15 gnolls
  7 river rats (Sewer)
  15 adders
  2 ufetubi (D:7)
  3 dart slugs
  51 orcs
  5 bats
  4 endoplasms
  5 giant cockroaches
  8 goblins
  7 hobgoblins
  4 jackals (D:1)
  3 quokkas (D:3)
  15 ball pythons
  7 frilled lizards
  24 kobolds
  20 rats
337 creatures vanquished.

Notes
Turn   | Place    | Note
-------+----------+-------------------------------------------
     0 | D:1      | Pooter the Minotaur Monk began the quest for the Orb.
     0 | D:1      | Reached XP level 1. HP: 19/19 MP: 0/0
    69 | D:1      | Found Veizost's Weapon Emporium.
   140 | D:1      | Reached XP level 2. HP: 23/27 MP: 1/1
   276 | D:1      | Reached skill level 4 in Axes
   324 | D:1      | Reached XP level 3. HP: 32/33 MP: 2/2
   331 | D:1      | Reached skill level 1 in Throwing
   662 | D:2      | Reached skill level 1 in Invocations
   767 | D:2      | Found a faded altar of an unknown god.
   788 | D:2      | Found a sparkling altar of Nemelex Xobeh.
   803 | D:2      | Prayed at the altar of an unknown god.
   803 | D:2      | Became a worshipper of Elyvilon the Healer
   803 | D:2      | Reached * piety under Elyvilon
   803 | D:2      | Reached ** piety under Elyvilon
   881 | D:2      | Identified the +4 ring mail "Rogam" {*Corrode Str+5 SInv
                  | Stlth+}
   945 | D:2      | Reached XP level 4. HP: 39/40 MP: 3/3
  1037 | D:1      | Bought a +0 war axe for 49 gold pieces
  1065 | D:2      | Reached *** piety under Elyvilon
  1074 | D:2      | Reached skill level 1 in Stealth
  1074 | D:2      | Reached skill level 1 in Evocations
  1437 | D:3      | Found a glowing drain.
  1455 | Sewer    | Entered a sewer
  1773 | Sewer    | Reached XP level 5. HP: 46/46 MP: 5/5
  1957 | Sewer    | Reached skill level 5 in Axes
  2150 | Sewer    | Reached XP level 6. HP: 53/53 MP: 6/6
  2305 | D:3      | Noticed Natasha
  2312 | D:3      | Killed Natasha
  2700 | D:3      | Reached XP level 7. HP: 59/60 MP: 7/7
  2840 | D:3      | Noticed Natasha
  2843 | D:3      | Killed Natasha
  2844 | D:3      | Reached skill level 5 in Fighting
  2844 | D:3      | Reached skill level 6 in Axes
  3049 | D:4      | Reached **** piety under Elyvilon
  3419 | D:4      | Found a runed translucent door.
  3420 | D:4      | Noticed Crazy Yiuf
  3448 | D:5      | Entered Level 5 of the Dungeon
  3597 | D:5      | Found a staircase to the Ecumenical Temple.
  3690 | Temple   | Entered the Ecumenical Temple
  3766 | Temple   | Fell from the grace of Elyvilon
  3766 | Temple   | Became a worshipper of Warmaster Okawaru
  4046 | D:5      | Reached skill level 7 in Axes
  4046 | D:5      | Reached XP level 8. HP: 64/70 MP: 9/9
  4486 | D:6      | Reached skill level 1 in Ranged Weapons
  4901 | D:6      | Reached * piety under Okawaru
  5457 | D:7      | Reached skill level 8 in Axes
  5519 | D:7      | Noticed a komodo dragon
  5531 | D:7      | Killed a komodo dragon
  5532 | D:7      | Reached XP level 9. HP: 31/78 MP: 7/11
  5881 | D:7      | Reached skill level 9 in Axes
  6107 | D:8      | Reached ** piety under Okawaru
  6108 | D:8      | Reached skill level 5 in Ranged Weapons
  6441 | D:8      | Noticed Pikel
  6648 | D:8      | Killed Pikel
  6649 | D:8      | Reached skill level 5 in Invocations
  6738 | D:8      | Found a sacrificial altar of Ru.
  6893 | D:8      | Found a runed translucent gate.
  6893 | D:8      | Found a runed translucent gate.
  6894 | D:8      | Found a runed translucent gate.
  6895 | D:8      | Noticed cforsyth's ghost (novice DjFE)
  7109 | D:9      | Reached skill level 10 in Axes
  7669 | D:9      | Noticed a troll
  7679 | D:9      | Killed a troll
  7691 | D:9      | Reached XP level 10. HP: 68/88 MP: 11/13
  7790 | D:9      | Found a staircase to the Orcish Mines.
  8221 | Orc:1    | Entered Level 1 of the Orcish Mines
  8225 | Orc:1    | Noticed a kobold blastminer
  8226 | Orc:1    | Reached skill level 11 in Axes
  8240 | Orc:1    | Killed a kobold blastminer
  8241 | Orc:1    | Noticed an orc sorcerer
  8241 | Orc:1    | Noticed a kobold blastminer
  8241 | Orc:1    | Noticed a kobold blastminer
  8242 | Orc:1    | Noticed a kobold blastminer
  8242 | Orc:1    | Paralysed by an orc sorcerer for 3 turns
  8587 | D:9      | Found Xioffozo's Antique Armour Shop.
  9531 | D:10     | Entered Level 10 of the Dungeon
  9531 | D:10     | Noticed a two-headed ogre
  9544 | D:9      | Killed a two-headed ogre
 10415 | D:10     | Noticed a boulder beetle
 10517 | D:10     | Reached skill level 12 in Axes
 10546 | D:10     | Reached XP level 11. HP: 88/95 MP: 12/14
 10552 | D:10     | Killed a boulder beetle
 10552 | D:10     | Reached *** piety under Okawaru
 10852 | D:10     | Noticed an ogre mage
 10863 | D:10     | Killed an ogre mage
 11727 | D:10     | Reached skill level 10 in Ranged Weapons
 11882 | D:10     | Reached skill level 13 in Axes
 12602 | D:10     | Found a burning altar of Makhleb.
 12644 | D:10     | Found a shimmering altar of Xom.
 13571 | Orc:1    | Killed an orc sorcerer
 13575 | Orc:1    | Killed from afar by a kobold blastminer

Illustrated notes

Levels and vault maps discovered:
D:1:      erik_arrival_triangle_small, layout_loops_ring, serial_shops, shop,
          grunt_decor_one_mirror, minmay_close_crescents
D:2:      layout_rooms, ebering_ecumenical_altar_abandoned, basic_altar
D:3:      layout_rooms, portal_sewer_entry_f, uniq_natasha
D:4:      layout_gridville, uniq_crazy_yiuf_cottage
D:5:      layout_basic, temple_pool_b
D:6:      layout_gridville
D:7:      layout_rooms, kennysheep_decorative_pillar
D:8:      layout_gridville, mainiacjoe_overflow_catwalk, serial_rivers,
          chequers_serial_rivers_small_3, chequers_serial_rivers_room_b,
          chequers_serial_rivers_micro_c, chequers_serial_rivers_small_3,
          ebering_ghost_rock_garden, minmay_misc_feat_encased, uniq_pikel
D:9:      layout_rooms, hiddenorc2_lemuel, serial_shops, shop, kennysheep_potato
D:10:     lemuel_castle_with_subvaults [lemuel_castle_interior_original],
          layout_stronghold, grunt_temple_overflow_champion_of_chaos
Temple:   nicolae_temple_bog_church
Orc:1:    layout_caves, serial_shops, nicolae_shop_waterfront, special_room
          [special_room_orc]

Skill      XL: |  1  2  3  4  5  6  7  8  9 10 11 |
---------------+----------------------------------+-----
Axes           | 4 5 7 8 10 12 13 | 13.5
Throwing       | 1 2 3 |  3.5
Fighting       | 4 5 6 7 8 9 |  9.9
Invocations    | 1 2 3 4 5 6 7 |  7.5
Stealth        | 1 2 3 |  3.0
Evocations     | 1 2 |  2.9
Ranged Weapons | 4 6 8 10 | 10.7
Staves         | |  0.2
Dodging        | |  3.2

Action                     |  1- 3 |  4- 6 |  7- 9 | 10-12 || total
---------------------------+-------+-------+-------+-------++-------
  Melee: Hand axe          |    41 |       |       |       ||    41
         Headbutt          |     8 |    13 |    51 |    44 ||   116
         Quarterstaff      |     9 |       |       |       ||     9
         War axe           |       |    72 |   189 |   210 ||   471
         Battleaxe         |       |       |       |    66 ||    66
   Fire: Sling             |    10 |    82 |    50 |    22 ||   164
         Orcbow            |       |       |       |   163 ||   163
  Throw: Javelin           |       |     1 |    16 |     5 ||    22
         Dart              |       |       |     1 |     9 ||    10
         Boomerang         |       |       |       |     1 ||     1
 Invoke: Heal Other        |       |     2 |       |       ||     2
         Heroism           |       |       |     8 |    25 ||    33
  Evoke: Wand              |       |       |       |    17 ||    17
    Use: Scroll            |     3 |     4 |    11 |     3 ||    21
         Potion            |       |       |     1 |     2 ||     3
   Stab: Invisible         |       |       |       |     5 ||     5
         Distracted        |       |       |       |     1 ||     1
 Armour: Robe              |    28 |       |       |       ||    28
         Ring mail         |     5 |    59 |       |   131 ||   195
         Plate armour      |       |    11 |   249 |   169 ||   429
         Skin              |       |       |       |     6 ||     6
  Dodge: Dodged            |    36 |    72 |    90 |   177 ||   375

Table legend: (Time is in decaauts)
 A = Elapsed time spent in this place.
 B = Non-inter-level travel time spent in this place.
 C = Inter-level travel time spent in this place.
 D = Time resting spent in this place.
 E = Time spent auto-exploring this place.
 F = Levels seen in this place.
 G = Mean time per level.
                   A        B        C        D        E       F      G
               +--------+--------+--------+--------+--------+-----+--------+
         Total |  13703 |  13348 |    355 |   5132 |   5766 |  13 | 1054.1 |
       Dungeon |  12683 |  12328 |    355 |   4545 |   5607 |  10 | 1268.3 |
        Temple |     88 |     88 |      0 |      0 |      0 |   1 |   88.0 |
  Orcish Mines |     32 |     32 |      0 |      5 |      0 |   1 |   32.0 |
         Sewer |    899 |    899 |      0 |    582 |    159 |   1 |  899.0 |
               +--------+--------+--------+--------+--------+-----+--------+

Top non-repeatable levels by time:
    D:10: 3851 daAuts
     D:9: 2313 daAuts
     D:8: 1167 daAuts
     D:5: 965 daAuts
     D:6: 949 daAuts
   Sewer: 899 daAuts
     D:7: 771 daAuts
     D:2: 738 daAuts
     D:1: 696 daAuts
     D:3: 651 daAuts
     D:4: 579 daAuts
  Temple: 88 daAuts
   Orc:1: 32 daAuts
